 Dungeon Crawl Stone Soup version 0.31.0 (webtiles) character file.

Game seed: 6310807822425544923

573 Arcadio the Trooper (level 7, 0/96 HPs)
             Began as a Minotaur Berserker on Jan 19, 2024.
             Was a Priest of Trog.
             Slain by a gnoll sergeant
             ... wielding a +0 trident
              (9 damage)
             ... on level 4 of the Dungeon.
             The game lasted 00:05:59 (3287 turns).

Arcadio the Trooper (Minotaur Berserker)            Turns: 3287, Time: 00:05:59

Health: 0/96       AC: 12    Str: 24    XL:     7   Next: 12%
Magic:  6/6        EV:  7    Int:  4    God:    Trog [***...]
Gold:   133        SH:  0    Dex:  9    Spells: 6/6 levels left

rFire   . . .        a - +0 hand axe
rCold   . . .        (no shield)
rNeg    . . .        l - +0 plate armour
rPois   .            (helmet restricted)
rElec   .            (no cloak)
rCorr   .            (no gloves)
SInv    .            (no boots)
Will    .....        (no amulet) Stlth
                     (no ring)
HPRegen 0.36/turn    (no ring)
MPRegen 0.10/turn

%: no passive effects
@: berserking, very quick
A: horns 2, retaliatory headbutt
a: Renounce Religion, Berserk, Trog's Hand


You were on level 4 of the Dungeon.
You worshipped Trog.
Trog was most pleased with you.
You visited 1 branch of the dungeon, and saw 5 of its levels.

You collected 133 gold pieces.

Inventory:

Hand Weapons
 a - a +0 hand axe (weapon)
Missiles
 r - 6 poisoned darts (quivered)
Armour
 b - a +0 animal skin
 i - a +0 ring mail
 l - a +0 plate armour (worn)
 n - a +0 chain mail
Scrolls
 c - a scroll of amnesia {unknown}
 d - a scroll of noise {unknown}
 e - 2 scrolls of teleportation {unknown}
 f - a scroll of enchant weapon {unknown}
 h - a scroll of immolation {unknown}
 k - a scroll of poison {unknown}
 q - a scroll of blinking {unknown}
Potions
 j - a potion of invisibility
 m - a potion of attraction {unknown}
 o - 2 potions of lignification
 p - a potion of might {unknown}


   Skills:
 + Level 6.4 Fighting
 + Level 6.3 Axes
 + Level 5.7 Armour
 - Level 2.1 Dodging


You had 6 spell levels left.
You didn't know any spells.
Your spell library was empty.

Dungeon Overview and Level Annotations

Branches:
Dungeon (5/15) Zot: 26692
 Temple: D:4-7

Altars:
Gozag

Shops:
D:3 *=


Innate Abilities, Weirdness & Mutations

You have a pair of horns on your head.
You reflexively headbutt those who attack you in melee.


Message History

The gnoll sergeant is lightly wounded.
You hit the iguana. You hit the hound. The hound bites you but does no damage.
The gnoll sergeant hits you with a +0 trident.
The iguana barely misses you. The gnoll sergeant blocks your attack.
The gnoll sergeant is lightly wounded.
You hit the iguana. You hit the hound. The hound barely misses you.
The hound bites you. The iguana barely misses you.
The gnoll sergeant hits you but does no damage.
You closely miss the gnoll sergeant.
You headbutt the gnoll sergeant, but do no damage.
The gnoll sergeant is lightly wounded.
You hit the iguana. You hit the hound but do no damage.
The hound barely misses you. You furiously retaliate!
You headbutt the hound!
You kill the hound!
Trog accepts your kill.
The gnoll sergeant hits you with a +0 trident!
The iguana bites you!
You hit the iguana but do no damage. You headbutt the iguana!
You kill the iguana!
Trog accepts your kill. The gnoll sergeant blocks your attack.
The gnoll sergeant hits you with a +0 trident.
You barely miss the gnoll sergeant.
The gnoll sergeant is lightly wounded.
The gnoll sergeant blocks your attack.
The gnoll sergeant is lightly wounded.
The gnoll sergeant hits you but does no damage.
You barely miss the gnoll sergeant.
The gnoll sergeant is lightly wounded.
The gnoll sergeant hits you with a +0 trident!
* * * LOW HITPOINT WARNING * * *
Unknown command.
A red film seems to cover your vision as you go berserk!
You feel yourself moving faster!
You feel mighty! The gnoll sergeant closely misses you.
You slash the gnoll sergeant! You headbutt the gnoll sergeant.
The gnoll sergeant is heavily wounded.
The gnoll sergeant hits you with a +0 trident!
You die...

##########.# #.# ##
#..........####.# .######
#.#######.....#.# .##...#
###.### #.....#.#######
.#....# #.....#
#..............
......###.....##
#.....#.#######
...............# #.....#.#
...)).###......######.###.#
....).###.......@†........#
#####(......##)).g....#####
###################


You could see a gnoll sergeant.

Vanquished Creatures
  Duvessa (D:4)
  Dowan (D:4)
  A howler monkey (D:4)
  An orc priest (D:4)
  A bombardier beetle (D:4)
  2 hounds (D:4)
  An iguana (D:4)
  3 orc wizards
  6 adders
  2 gnolls (D:4)
  A dart slug (D:3)
  10 orcs
  11 endoplasms
  3 giant cockroaches
  4 goblins
  5 hobgoblins
  7 jackals
  A quokka (D:1)
  6 ball pythons
  6 bats
  A frilled lizard (D:1)
  10 kobolds
  7 rats
91 creatures vanquished.

Notes
Turn   | Place    | Note
-------+----------+-------------------------------------------
     0 | D:1      | Arcadio the Minotaur Berserker began the quest for the Orb.
     0 | D:1      | Reached XP level 1. HP: 19/19 MP: 0/0
   115 | D:1      | Reached XP level 2. HP: 11/27 MP: 1/1
   563 | D:1      | Reached ** piety under Trog
   708 | D:2      | Reached XP level 3. HP: 16/33 MP: 2/2
  1038 | D:2      | Reached XP level 4. HP: 41/41 MP: 3/3
  1175 | D:2      | Found a faded altar of an unknown god.
  1262 | D:3      | Found Gozag's Platinum Reserve.
  1263 | D:3      | Found an opulent altar of Gozag.
  1434 | D:3      | Found Goeriaf's Jewellery Shop.
  1445 | D:3      | Reached skill level 5 in Fighting
  1447 | D:3      | Reached XP level 5. HP: 41/48 MP: 4/4
  1487 | D:3      | Reached skill level 5 in Axes
  2204 | D:4      | Reached *** piety under Trog
  2205 | D:4      | Noticed Dowan
  2214 | D:4      | Killed Dowan
  2220 | D:4      | Noticed Duvessa
  2233 | D:4      | Killed Duvessa
  2234 | D:4      | Reached XP level 6. HP: 28/57 MP: 5/5
  2521 | D:4      | Reached skill level 5 in Armour
  2663 | D:4      | HP: 2/57 [burnt (5)]
  3113 | D:5      | Entered Level 5 of the Dungeon
  3134 | D:4      | Reached XP level 7. HP: 51/63 MP: 6/6
  3287 | D:4      | Slain by a gnoll sergeant

Illustrated notes

Levels and vault maps discovered:
D:1:      amcnicky_arrival_wind_blow, layout_basic, serial_corexii_hall,
          chequers_hall_statues_wall_a, corexii_hall_statues_l, glass_columns_b,
          minivault_27
D:2:      layout_rooms, shapermc_ecumenical_altar_petra
D:3:      layout_basic, nicolae_gozag_zags_fifth_avenue, serial_shops,
          nicolae_shop_crystal
D:4:      layout_loops_ring, uniq_duvessa
D:5:      layout_rooms, evilmike_ruin_ashenzari, nzn_wu_jian_contemplation,
          serial_rivers, chequers_serial_rivers_micro_d,
          chequers_serial_rivers_micro_c, chequers_serial_rivers_large_b,
          chequers_serial_rivers_small_b, chequers_serial_rivers_small_a,
          chequers_serial_rivers_micro_a, uniq_pikel

Skill      XL: |  1  2  3  4  5  6 |
---------------+-------------------+-----
Fighting       | 4 5 6 |  6.4
Axes           | 4 5 6 |  6.3
Armour         | 3 4 5 |  5.7
Dodging        | |  2.1

Action                     |  1- 3 |  4- 6 |  7- 9 || total
---------------------------+-------+-------+-------++-------
  Melee: Hand axe          |    78 |   130 |    10 ||   218
         Headbutt          |    14 |    25 |     3 ||    42
 Invoke: Berserk           |       |     1 |     1 ||     2
    Use: Scroll            |       |     4 |       ||     4
         Potion            |       |     1 |       ||     1
 Armour: Animal skin       |    38 |       |       ||    38
         Ring mail         |    11 |       |       ||    11
         Chain mail        |       |    60 |       ||    60
         Plate armour      |       |    50 |    20 ||    70
  Dodge: Dodged            |    61 |    49 |    12 ||   122
